 Dungeon Crawl Stone Soup version 0.30.1-11-g7821555f0a (webtiles) character file.

Game seed: 8716918757853773676

118 Peloso the Trooper (level 4, 41/41 HPs)
             Began as a Minotaur Fighter on Dec 12, 2023.
             Got out of the dungeon alive.
             The game lasted 00:02:17 (1166 turns).

Peloso the Trooper (Minotaur Fighter)               Turns: 1166, Time: 00:02:18

Health: 41/41      AC:  7    Str: 20    XL:     4   Next: 72%
Magic:  3/3        EV:  9    Int:  5    God:
Gold:   98         SH:  5    Dex: 12    Spells: 3/3 levels left

rFire   . . .        a - +0 long sword
rCold   + . .        c - +0 buckler
rNeg    . . .        b - +0 scale mail
rPois   +            (helmet restricted)
rElec   .            (no cloak)
rCorr   .            (no gloves)
SInv    .            (no boots)
Will    .....        (no amulet) Stlth
                     (no ring)
HPRegen 0.26/turn    (no ring)
MPRegen 0.08/turn

%: no passive effects
@: no status effects
A: horns 2, retaliatory headbutt, cold resistance 1, poison resistance,
inability to drink after injury 1
a: no special abilities


You escaped.
You visited 1 branch of the dungeon, and saw 2 of its levels.

You collected 98 gold pieces.

Inventory:

Hand Weapons
 a - a +0 long sword (weapon)
Armour
 b - a +0 scale mail (worn)
 c - a +0 buckler (worn)
Jewellery
 h - a ring of magical power
 j - an amulet of faith
 q - a +6 ring of intelligence
Scrolls
 e - 2 scrolls of blinking {unknown}
 f - a scroll of magic mapping {unknown}
 g - 2 scrolls of identify {unknown}
 k - 2 scrolls of fog {unknown}
 m - a scroll of poison {unknown}
 o - a scroll of amnesia {unknown}
 p - a scroll of teleportation {unknown}
Potions
 d - a potion of might
 i - 3 potions of flight
 n - a potion of curing {unknown}


   Skills:
 + Level 4.9 Fighting
 + Level 3.3 Long Blades
 + Level 4.4 Armour
 + Level 0.5 Dodging
 + Level 0.1 Stealth
 + Level 4.3 Shields


You had 3 spell levels left.
You didn't know any spells.
Your spell library contained the following spells:

 Spells                   Type           Power      Damage    Failure   Level
 Vhi's Electric Charge    Tloc/Air       0%         N/A       99%         3
 Alistair's Intoxication  Tmut/Pois      0%         N/A       100%        5
 Arcjolt                  Conj/Air       0%         1d10      100%        5
 Borgnjor's Vile Clutch   Necr/Erth      0%         N/A       100%        5
 Eringya's Noxious Bog    Tmut/Pois      0%         N/A       100%        6
 Maxwell's Capacitive Co  Air            0%         ∞         100%        8


Dungeon Overview and Level Annotations

Branches:
Dungeon (2/15)

Altars:


Innate Abilities, Weirdness & Mutations

You have a pair of horns on your head.
You reflexively headbutt those who attack you in melee.
Your flesh is cold resistant. (rC+)
Your system is resistant to poisons. (rPois)
You occasionally lose the ability to drink potions when taking damage.


Message History

Things that are here:
a +0 short sword; 5 stones You barely miss the hobgoblin.
You headbutt the hobgoblin, but do no damage.
The hobgoblin closely misses you. You furiously retaliate!
You headbutt the hobgoblin.
You kill the hobgoblin!
You now have 84 gold pieces (gained 9).
Things that are here:
a +0 dagger; a hobgoblin corpse
n - a blue potion
k - 2 scrolls labelled WOCSUE EPUODET (gained 1)
o - a scroll labelled KIETWU ENWA
p - a scroll labelled BOIFUS COECW You now have 98 gold pieces (gained 14).
q - a +6 ring of intelligence A hobgoblin comes into view.
The hobgoblin shouts!
A hobgoblin is nearby!
A hobgoblin is nearby!
You barely miss the hobgoblin. The hobgoblin completely misses you.
You closely miss the hobgoblin. You headbutt the hobgoblin.
You kill the hobgoblin!
You see here a hobgoblin corpse.
It was a potion of mutation.
You feel extremely strange.
You feel resistant to poisons.
You feel resistant to cold.
You occasionally lose the ability to drink potions when taking damage.
Okay, then.
(D) Dungeon
Where to? (? - help)
What level of the Dungeon? (default 1, ? - help)
You see here a hobgoblin corpse.
There is an open door here.
You see here a stone.
You see here a stone.
You see here a stone.
There is an open door here.
There is a staircase leading out of the dungeon here.
Are you sure you want to leave the Dungeon?
This will make you lose the game!
You have escaped!

######....# #... ####.#
#... #+
###########.#####.#.
##.##...................
#..(#.#########.#....##.
##...###.##........######
#..(..#...#..............
#((...#...#........##.###
#(.8.('.@.#......#....# #
#(((.(#(..#.........#####
#((..(#...#.......#.## #.
##.((###.##......##..###.
#...#####.......###...#.
##.##...........# ###...
###'#..#.........# ###.
#...........###### ###..
.........####..# #....


There were no monsters in sight!

Vanquished Creatures
  Natasha (thrice) (D:2)
  A worm (D:2)
  3 bats
  2 endoplasms (D:1)
  2 giant cockroaches
  3 goblins (D:1)
  7 hobgoblins
  4 jackals (D:1)
  A quokka (D:1)
  3 ball pythons
  5 frilled lizards
  5 kobolds
  A rat (D:2)
40 creatures vanquished.

Notes
Turn   | Place    | Note
-------+----------+-------------------------------------------
     0 | D:1      | Peloso the Minotaur Fighter began the quest for the Orb.
     0 | D:1      | Reached XP level 1. HP: 19/19 MP: 0/0
    11 | D:1      | You fall into a shaft and drop 1 floor!
   175 | D:2      | Reached XP level 2. HP: 15/27 MP: 1/1
   387 | D:2      | Noticed Natasha
   397 | D:2      | HP: 1/27 [Natasha (3)]
   398 | D:2      | Killed Natasha
   399 | D:2      | Reached XP level 3. HP: 1/34 MP: 2/2
   587 | D:2      | Noticed Natasha
   595 | D:2      | Killed Natasha
   597 | D:2      | Noticed Natasha
   602 | D:2      | Killed Natasha
   603 | D:2      | Reached XP level 4. HP: 32/41 MP: 3/3
  1129 | D:1      | Gained mutation: Your system is resistant to poisons.
                  | (rPois) [potion of mutation]
  1129 | D:1      | Gained mutation: Your flesh is cold resistant. (rC+)
                  | [potion of mutation]
  1129 | D:1      | Gained mutation: You occasionally lose the ability to drink
                  | potions when taking damage. [potion of mutation]
  1166 | D:$      | Got out of the dungeon alive.

Illustrated notes

Levels and vault maps discovered:
D:1:      minmay_arrival_shattered_statue, layout_rooms
D:2:      layout_rooms, minmay_misc_feat_rows, uniq_natasha

Skill      XL: |  1  2  3 |
---------------+----------+-----
Armour         | 4 |  4.4
Shields        | 4 |  4.3
Fighting       | 4 |  4.9
Long Blades    | 3 |  3.3
Dodging        | |  0.5
Stealth        | |  0.1

Action                     |  1- 3 |  4- 6 || total
---------------------------+-------+-------++-------
  Melee: Long sword        |    51 |    44 ||    95
         Headbutt          |     6 |     6 ||    12
    Use: Potion            |       |     4 ||     4
 Armour: Scale mail        |    30 |    31 ||    61
  Dodge: Dodged            |    19 |    36 ||    55
  Block: Buckler           |    13 |    14 ||    27
